 Dungeon Crawl Stone Soup version 0.28-a0-627-g4e9751bbfc (webtiles) character file.

Game seed: 15181108956859491852

1843 sorkRocket the Cleaver (level 8, 0/70 HPs)
             Began as a Minotaur Fighter on Sept 21, 2021.
             Was a Plaything of Xom.
             Slain by Joseph (8 damage)
             ... on level 7 of the Dungeon on Oct 8, 2021.
             The game lasted 00:15:05 (7230 turns).

sorkRocket the Cleaver (Minotaur Fighter)           Turns: 7230, Time: 00:15:06

Health: 0/70       AC:  8    Str: 23    XL:     8   Next: 87%
Magic:  11/11      EV: 11    Int:  5    God:    Xom [....*.]
Gold:   238        SH:  5    Dex: 16    Spells: 12/12 levels left

rFire   . . .      SeeInvis .   t - +2 hand axe (vamp)
rCold   . . .      Faith    .   c - +0 buckler
rNeg    . . .      Spirit   .   b - +0 scale mail
rPois   .          Reflect  .   (helmet restricted)
rElec   .          Harm     .   (no cloak)
rCorr   .          Rampage  .   (no gloves)
Will    +....                   (no boots)
Stlth   ..........              (no amulet)
HPRegen 0.21/turn               k - ring of willpower
MPRegen 0.12/turn               q - +6 ring of dexterity

@: no status effects
A: horns 2, retaliatory headbutt
a: Renounce Religion


You were on level 7 of the Dungeon.
You worshipped Xom.
You were a beloved toy of Xom.
You visited 1 branch of the dungeon, and saw 7 of its levels.

You collected 238 gold pieces.

Inventory:

Hand Weapons
 a - a +0 war axe
 s - a +3 flail
 t - a +2 vampiric hand axe (weapon)
Armour
 b - a +0 scale mail (worn)
 c - a +0 buckler (worn)
 z - a +0 scale mail
Magical Staves
 x - a staff of fire
Jewellery
 f - a ring of protection from fire
 i - a ring of wizardry
 k - a ring of willpower (left hand)
 q - a +6 ring of dexterity (right hand)
 C - a ring of flight
Wands
 e - a wand of charming (8)
Scrolls
 h - a scroll of amnesia
 m - a scroll of immolation
 n - 3 scrolls of teleportation
 o - a scroll of magic mapping {unknown}
 r - a scroll of brand weapon {unknown}
 v - a scroll of fog {unknown}
 w - a scroll of blinking {unknown}
 y - a scroll of noise {unknown}
Potions
 d - a potion of might
 g - a potion of lignification
 j - a potion of ambrosia {unknown}
 l - 2 potions of resistance
 u - a potion of degeneration {unknown}
 A - 2 potions of heal wounds {unknown}
 B - a potion of magic {unknown}


   Skills:
 + Level 6.2 Fighting
 + Level 8.2 Axes
 + Level 7.6 Armour
 + Level 3.2 Dodging
 + Level 1.0 Stealth
 + Level 4.8 Shields
 * Level 2.8 Spellcasting


You had 12 spell levels left.
You didn't know any spells.
Your spell library contained the following spells:

 Spells                   Type           Power      Damage    Failure   Level
 Beastly Appendage        Tmut           0%         N/A       67%         1
 Sting                    Tmut/Pois      0%         1d3       67%         1
 Ensorcelled Hibernation  Hex/Ice        0%         N/A       80%         2
 Poisonous Vapours        Pois/Air       0%         N/A       80%         2
 Scorch                   Fire           0%         2d5       80%         2
 Slow                     Hex            0%         N/A       80%         2
 Wereblood                Tmut           0%         N/A       80%         2
 Confusing Touch          Hex            0%         N/A       95%         3
 Gell's Gravitas          Tloc           0%         N/A       95%         3
 Spider Form              Tmut/Pois      0%         N/A       95%         3
 Teleport Other           Tloc           0%         N/A       95%         3
 Tukima's Dance           Hex            0%         N/A       95%         3
 Flame Wave               Conj/Fire      0%         3d3       100%        4
 Olgreb's Toxic Radiance  Pois           0%         N/A       100%        4
 Summon Ice Beast         Ice/Summ       0%         N/A       100%        4
 Summon Mana Viper        Hex/Summ       0%         N/A       100%        5
 Yara's Violent Unravell  Hex/Tmut       0%         3d3       100%        5
 Dispersal                Tloc           0%         N/A       100%        6
 Summon Cactus Giant      Summ           0%         N/A       100%        6
 Monstrous Menagerie      Summ           0%         N/A       100%        7


Dungeon Overview and Level Annotations

Branches:
Dungeon (7/15)             Temple (0/1) D:6

Altars:
Okawaru
Ru
Xom

Annotations:
D:2 1 runed translucent door, Crazy Yiuf
D:4 3 runed translucent doors, xoxolimbo's ghost, amateur DsWz
D:7 Joseph


Innate Abilities, Weirdness & Mutations

You have a pair of horns on your head.
You reflexively headbutt those who attack you in melee.


Message History

Joseph barely misses you.
You slash Joseph!
Joseph is moderately wounded.
Joseph hits you with a +0 quarterstaff.
You closely miss Joseph.
Joseph is moderately wounded.
Joseph hits you with a +0 quarterstaff!
* * * LOW HITPOINT WARNING * * *
You hit Joseph.
You feel better.
You headbutt Joseph!
Joseph is heavily wounded.
Joseph says, "I'm happy to see you. And I'll be happy to kill you."
Joseph hits you with a +0 quarterstaff.
* * * LOW HITPOINT WARNING * * *
You barely miss Joseph.
Joseph is heavily wounded.
Joseph closely misses you.
You hit Joseph. You headbutt Joseph!
Joseph is severely wounded.
You feel better. Joseph hits you with a +0 quarterstaff.
* * * LOW HITPOINT WARNING * * *
Joseph hits you but does no damage.
You closely miss Joseph. Your headbutt misses Joseph.
Joseph is severely wounded.
Joseph hits you with a +0 quarterstaff!
* * * LOW HITPOINT WARNING * * *
You completely miss Joseph. Your headbutt misses Joseph.
Joseph is severely wounded.
Joseph hits you with a +0 quarterstaff.
* * * LOW HITPOINT WARNING * * *
You slash Joseph!
You feel better.
Joseph is almost dead.
Joseph hits you with a +0 quarterstaff!
* * * LOW HITPOINT WARNING * * *
You feel better. Joseph hits you with a +0 quarterstaff.
* * * LOW HITPOINT WARNING * * *
You slash Joseph!
You feel better.
Joseph is almost dead.
Joseph hits you with a +0 quarterstaff!
You die...
Xom yawns loudly!

............... ...............
##..............
#...............#......
##..#................... .
...#... ................# .
..##...####@............#
.###............@..........# .
...........†.##.#..........#####.
..............###.##.............
.............###.................
.......[...........#.............
...................#.##.........#
...)!#F.....#....................
..F.####..###.##...#...##........
#.y## ....# .. ..###.###......#.


You could see Joseph.

Vanquished Creatures
  Pikel (D:6)
  An ice beast (D:5)
  A black bear (D:4)
  A sky beast (D:7)
  An ogre (D:5)
  A lemure (D:6)
  A phantom (D:4)
  2 scorpions (D:5)
  A killer bee (D:7)
  A bullfrog zombie (D:6)
  A centaur zombie (D:5)
  4 hounds
  A jelly (D:7)
  6 orc priests
  2 iguanas
  6 orc wizards
  A killer bee zombie (D:7)
  A hound zombie (D:5)
  A hound skeleton (D:4)
  A gnoll (D:4)
  5 adders
  2 white imps
  An ufetubus (D:6)
  4 worms
  10 orcs
  8 endoplasms
  5 giant cockroaches
  6 goblins
  9 hobgoblins
  2 jackals (D:4)
  6 quokkas
  3 ball pythons
  3 bats
  2 frilled lizards (D:1)
  8 kobolds
  A quokka skeleton (D:4)
  4 rats
114 creatures vanquished.

Vanquished Creatures (others)
  4 fungi (D:4)
4 creatures vanquished.

Grand Total: 118 creatures vanquished

Notes
Turn   | Place    | Note
-------+----------+-------------------------------------------
     0 | D:1      | sorkRocket the Minotaur Fighter began the quest for the
                  | Orb.
     0 | D:1      | Reached XP level 1. HP: 19/19 MP: 0/0
   251 | D:1      | Reached XP level 2. HP: 27/27 MP: 1/1
   510 | D:1      | Upgraded the game from 0.28-a0-503-g83f2989fac to
                  | 0.28-a0-627-g4e9751bbfc
   940 | D:2      | Reached XP level 3. HP: 33/33 MP: 2/2
  1006 | D:2      | Reached skill level 3 in Axes
  1402 | D:2      | Found a faded altar of an unknown god.
  1571 | D:2      | Found a runed translucent door.
  1572 | D:2      | Noticed Crazy Yiuf
  2083 | D:3      | Reached XP level 4. HP: 40/40 MP: 3/3
  2910 | D:4      | Reached skill level 4 in Axes
  2916 | D:4      | Reached skill level 1 in Dodging
  2958 | D:4      | Reached XP level 5. HP: 46/46 MP: 4/4
  3136 | D:4      | Reached skill level 5 in Axes
  3136 | D:4      | Reached skill level 5 in Armour
  3136 | D:4      | Reached XP level 6. HP: 7/53 MP: 5/5
  3972 | D:4      | Found a runed translucent gate.
  4024 | D:4      | Reached skill level 5 in Fighting
  4024 | D:4      | Reached skill level 6 in Axes
  4024 | D:4      | Reached XP level 7. HP: 61/61 MP: 7/7
  4079 | D:4      | Found a runed translucent gate.
  4079 | D:4      | Found a runed translucent gate.
  4079 | D:4      | Noticed xoxolimbo's ghost (amateur DsWz)
  4111 | D:4      | Reached skill level 1 in Spellcasting
  4249 | D:5      | Entered Level 5 of the Dungeon
  4726 | D:5      | Found an iron altar of Okawaru.
  5325 | D:5      | Reached skill level 7 in Axes
  5325 | D:5      | Reached skill level 1 in Stealth
  5325 | D:5      | Reached XP level 8. HP: 59/69 MP: 8/10
  5722 | D:6      | Noticed Pikel
  5735 | D:6      | Killed Pikel
  5736 | D:6      | Reached skill level 8 in Axes
  6446 | D:6      | Found a staircase to the Ecumenical Temple.
  6554 | D:6      | Found a sacrificial altar of Ru.
  6784 | D:6      | Found a shimmering altar of Xom.
  6865 | D:6      | Became a worshipper of Xom the Random
  6916 | D:7      | XOM: divination: magic mapping
  7043 | D:7      | XOM: divination: magic mapping
  7185 | D:7      | XOM: noise
  7187 | D:7      | XOM: noise
  7190 | D:7      | XOM: 3-stop teleportation journey
  7191 | D:7      | XOM: confusion (+ monsters)
  7204 | D:7      | XOM: 1-stop teleportation journey
  7207 | D:7      | Noticed Joseph
  7227 | D:7      | HP: 2/70 [Joseph (3)]
  7230 | D:7      | Slain by Joseph

Illustrated notes

Levels and vault maps discovered:
D:1:      minmay_arrival_shoal_huts, layout_basic,
          chequers_serial_rivers_large_b, nrook_mini_vaults, st_stairs_13
D:2:      layout_loops_ring, dreamdust_ecumenical_altar_statues,
          minmay_misc_feat_rows, kennysheep_minor_cross, minmay_parallelograms,
          st_stairs_1, minmay_tall_x, uniq_crazy_yiuf_cottage
D:3:      layout_basic, item_on_display_a
D:4:      layout_loops_ring, gammafunk_ghost_nasty_kobolds, minmay_between
D:5:      layout_loops_corners, mainiacjoe_overflow_paths, roderic_lattice_a
D:6:      layout_cave_pools, kennysheep_mini, kennysheep_mini_moat,
          minmay_temple_entry_arrows, uniq_pikel
D:7:      layout_cave_pools, makhleb_heckhound_becter, dk_vineyard_3,
          minmay_shop_damaged, kennysheep_generic_room_10, uniq_joseph

Skill      XL: |  1  2  3  4  5  6  7  8 |
---------------+-------------------------+-----
Armour         | 4 5 6 7 |  7.6
Fighting       | 4 5 6 |  6.2
Axes           | 3 4 5 6 7 8 |  8.2
Shields        | 4 |  4.8
Dodging        | 1 2 3 |  3.2
Spellcasting   | 2 |  2.8
Stealth        | 1 |  1.0

Action                   |  1- 3 |  4- 6 |  7- 9 || total
-------------------------+-------+-------+-------++-------
Melee: War axe           |    82 |    46 |       ||   128
       Headbutt          |    11 |    15 |    34 ||    60
       Hand axe          |       |    45 |   147 ||   192
  Use: Scroll            |     1 |     3 |     2 ||     6
       Potion            |       |       |     6 ||     6
Armor: Scale mail        |    44 |    37 |    44 ||   125
Dodge: Dodged            |    35 |    48 |    59 ||   142
Block: Buckler           |    19 |    15 |    28 ||    62

Table legend: (Time is in decaauts)
 A = Elapsed time spent in this place.
 B = Non-inter-level travel time spent in this place.
 C = Inter-level travel time spent in this place.
 D = Time resting spent in this place.
 E = Time spent auto-exploring this place.
 F = Levels seen in this place.
 G = Mean time per level.
                   A        B        C        D        E       F      G
               +--------+--------+--------+--------+--------+-----+--------+
         Total |   7293 |   7293 |      0 |   1314 |   4679 |   7 | 1041.9 |
       Dungeon |   7293 |   7293 |      0 |   1314 |   4679 |   7 | 1041.9 |
               +--------+--------+--------+--------+--------+-----+--------+

Top non-repeatable levels by time:
     D:5: 1443 daAuts
     D:3: 1383 daAuts
     D:2: 1185 daAuts
     D:6: 1174 daAuts
     D:4: 928 daAuts
     D:1: 823 daAuts
     D:7: 353 daAuts
